cohdb
Replays
Latest Replays
All Replays
Popular Replays
Top Player Replays
Match Explorer
How It Works
Community
CoH3 Stats
Reddit
Sign in to upload your games and track your stats! →
Sign in with Steam
Match 46600904
Unlisted
Match 46600904
Overview
Messages
Build Orders
End
Construct Infanterie Kompanie
Selects Mechanized Battlegroup
Grenadier Squad
MG 42 Machine Gun Team
Grenadier Squad
Construct Luftwaffe Kompanie
Selects Spotting Scopes
Jäger Squad
Support Elements
Wirbelwind Flakpanzer
Jäger Squad
Selects Wespe Self-propelled Artillery
Medical Bunker
Wespe Self-propelled Artillery
Wespe Self-propelled Artillery
Pioneer Squad
Selects Raid Package
Selects StuG Assault Group
Wirbelwind Flakpanzer
Jäger Squad
RangerVI
Kray-Tos
1073211499
pvt rabbit
jung
Sluss
0
0
Comments
sign in to comment!
No comments posted yet!